 Dungeon Crawl Stone Soup version 0.20-a0-870-g4070442 (webtiles) character file.

363 FrozenPanda the Skirmisher (level 6, -2/33 HPs)
             Began as a Vine Stalker Chaos Knight on Mar 13, 2017.
             Slain by an iguana (6 damage)
             ... on level 4 of the Dungeon.
             The game lasted 00:05:15 (2581 turns).

FrozenPanda the Skirmisher (VSCK)                   Turns: 2581, Time: 00:05:16

Health: -2/33      AC:  9    Str: 16    XL:     6   Next: 67%
Magic:  0/7        EV: 12    Int: 12    God:    Xom [...*..]
Gold:   157        SH:  0    Dex: 14    Spells: 5/5 levels left

rFire    . . .     SeeInvis .   p - +2 quarterstaff (chaos)
rCold    . . .     Gourm    .   b - +2 leather armour
rNeg     . . .     Faith    .   (shield currently unavailable)
rPois    .         Spirit   +   (no helmet)
rElec    .         Reflect  .   s - +0 cloak
rCorr    .         Harm     .   m - +2 pair of gloves
MR       .....                  (no boots)
Stlth    ++........             (no amulet)
Regen    0.6/turn               (no ring)
MPRegen  0.1/turn               (no ring)

@: no status effects
A: fangs 2, regeneration 1, magic shield, antimagic bite, no potion heal 3, rot
immunity
a: Renounce Religion


You were on level 4 of the Dungeon.
You worshipped Xom.
You were a favourite toy of Xom.
You were hungry.

You visited 1 branch of the dungeon, and saw 4 of its levels.

You collected 157 gold pieces.

Inventory:

Hand Weapons
 a - a +2 falchion of chaos
 p - a +2 quarterstaff of chaos (weapon)
Armour
 b - a +2 leather armour (worn)
 m - a +2 pair of gloves (worn)
 s - a +0 cloak (worn)
Jewellery
 f - an uncursed ring of fire
Wands
 v - a wand of disintegration (11/24)
Scrolls
 g - 2 scrolls of teleportation
 h - 3 scrolls of enchant armour
 i - 2 scrolls of blinking {unknown}
 j - a scroll of recharging {unknown}
 l - a scroll of amnesia
 n - a scroll of identify {unknown}
 o - 2 scrolls of immolation {unknown}
Potions
 d - a potion of brilliance {unknown}
 e - 3 potions of heal wounds
 r - a potion of degeneration {unknown}
 t - a potion of magic {unknown}
 w - a potion of curing {unknown}
Comestibles
 c - 4 bread rations
 k - a royal jelly
 q - 2 meat rations
 u - 2 chunks of flesh


   Skills:
 + Level 3.8 Fighting
 - Level 3.6 Long Blades
 + Level 1.0 Staves
 + Level 2.8 Armour
 + Level 2.2 Dodging
 + Level 3.3 Stealth


You had 5 spell levels left.
You didn't know any spells.

Dungeon Overview and Level Annotations

Branches:
Dungeon (4/15)
 Temple: D:4-7

Altars:
Ashenzari
Dithmenos
Okawaru
Trog
Zin


Innate Abilities, Weirdness & Mutations

You have extremely sharp teeth.
Your natural rate of healing is unusually fast.
When hurt, damage is shared between your health and your magic reserves.
Your bite disrupts and absorbs the magic of your enemies.
Potions cannot restore your health.
You are immune to rotting.


Message History

Something bites you!
No target in view!
No target in view!
No target in view!
No target in view!
You miss something. Something bites you.
You miss something. You bite something.
You are feeling hungry.
Something bites you.
You hit something but do no damage. You bite something.
Something bites you but does no damage. Something bites you.
You hit something but do no damage. You bite something. Something bites you!
* * * LOW HITPOINT WARNING * * *
You barely miss something. Something bites you but does no damage.
You miss something. You bite something. You drain its power.
You feel invigorated. Something bites you but does no damage.
You closely miss something. Something bites you!
* * * LOW HITPOINT WARNING * * *
You hit something. You bite something. Something bites you.
You die...

#...... #......
##...... #
##.....## ..#
##..##.##
#...###
##..##### #
#....### ##..##
##
##.....####..##
##.
#...{@......##
##..
#..........###
##...
#............###
#[...
##.............#
####<
##............#
##
##...........#
##.......<..#
###.........##
##.........###


There were no monsters in sight!

Vanquished Creatures
  A scorpion (D:4)
  A jelly (D:3)
  Crazy Yiuf (D:3)
  A bullfrog skeleton (D:4)
  Jessica (D:3)
  An iguana (D:3)
  A worker ant (D:4)
  Natasha (twice) (D:4)
  3 adders
  2 oozes
  2 worms
  A leopard gecko (D:1)
  4 giant cockroaches
  6 goblins
  5 hobgoblins
  7 jackals
  7 kobolds
  A quokka (D:2)
  2 ball pythons (D:2)
  8 bats
  4 frilled lizards
  10 rats
71 creatures vanquished.

Notes
Turn   | Place    | Note
-------+----------+-------------------------------------------
     0 | D:1      | FrozenPanda the Vine Stalker Chaos Knight began the quest for the Orb.
     0 | D:1      | Reached XP level 1. HP: 11/11 MP: 2/2
   100 | D:1      | XOM: divination: magic mapping
   195 | D:1      | Reached XP level 2. HP: 8/16 MP: 1/3
   559 | D:1      | XOM: silly message
   567 | D:1      | Reached skill level 1 in Dodging
   905 | D:2      | Reached XP level 3. HP: 20/20 MP: 4/4
  1002 | D:2      | XOM: smoke on damage
  1191 | D:2      | Found a glowing silver altar of Zin.
  1224 | D:2      | XOM: divination: detect creatures
  1341 | D:2      | XOM: silly message
  1453 | D:3      | Reached skill level 1 in Stealth
  1453 | D:3      | Gained mutation: Your natural rate of healing is unusually fast. [Vine Stalker growth]
  1453 | D:3      | Reached XP level 4. HP: 18/24 MP: 5/5
  1478 | D:3      | XOM: harmless Fire miscast
  1582 | D:3      | XOM: divination: magic mapping
  1692 | D:3      | Noticed Jessica
  1699 | D:3      | Killed Jessica
  1714 | D:3      | Reached XP level 5. HP: 28/28 MP: 6/6
  1776 | D:3      | Found a shattered altar of Ashenzari.
  1777 | D:3      | Found an iron altar of Okawaru.
  1777 | D:3      | Found a bloodstained altar of Trog.
  1839 | D:3      | Found a shadowy altar of Dithmenos.
  2002 | D:3      | Found a runed door.
  2006 | D:3      | Noticed Crazy Yiuf
  2011 | D:3      | Killed Crazy Yiuf
  2207 | D:3      | XOM: harmless Fire miscast
  2251 | D:4      | Noticed Natasha
  2256 | D:4      | Killed Natasha
  2256 | D:4      | Reached XP level 6. HP: 32/32 MP: 7/7
  2451 | D:4      | XOM: potion effect (might)
  2452 | D:4      | Reached skill level 1 in Staves
  2505 | D:4      | Noticed Natasha
  2506 | D:4      | XOM: silly message
  2513 | D:4      | Killed Natasha
  2581 | D:4      | Slain by an iguana

Vault maps used:
D:1:      saegor_arrival_simple_f
D:2:      first_bread, kennysheep_flooded_box, serial_bayou_pond_a,
          hangedman_decor_push, kennysheep_nondescript
D:3:      chequers_temple_overflow_statue_of_worship, uniq_jessica,
          uniq_crazy_yiuf_cottage
D:4:      uniq_natasha, uniq_duvessa

Skill      XL: |  1  2  3  4  5  6 |
---------------+-------------------+-----
Dodging        | 1 2 |  2.2
Fighting       | 3 |  3.8
Armour         | 2 |  2.8
Long Blades    | 3 |  3.6
Stealth        | 1 2 3 |  3.3
Staves         | 1 |  1.0

Action                   |  1- 3 |  4- 6 || total
-------------------------+-------+-------++-------
Melee: Falchion          |    78 |    59 ||   137
       Bite              |    16 |    31 ||    47
       Quarterstaff      |       |    32 ||    32
  Use: Scroll            |       |     5 ||     5
 Stab: Confused          |     1 |       ||     1
       Sleeping          |     1 |     3 ||     4
  Eat: Chunk             |     2 |     3 ||     5
Armor: Leather armour    |    31 |    26 ||    57
Dodge: Dodged            |    56 |    65 ||   121
       Rpst.: Falchion   |    17 |    17 ||    34
